 Dungeon Crawl Stone Soup version 0.27.1-33-g824d729ab1 (webtiles) character file.

Game seed: 14115197625516479551

77 zeram the Shield-Bearer (level 4, 0/29 HPs)
             Began as a Gargoyle Fighter on Dec 15, 2021.
             Slain by a gnoll (4 damage)
             ... on level 2 of the Dungeon.
             The game lasted 00:02:10 (1861 turns).

zeram the Shield-Bearer (Gargoyle Fighter)          Turns: 1861, Time: 00:02:10

Health: 0/29       AC: 10    Str: 20    XL:     4   Next: 34%
Magic:  4/4        EV:  7    Int:  9    God:
Gold:   45         SH:  9    Dex:  9    Spells: 3/3 levels left

rFire    . . .     SeeInvis .   a - +0 flail
rCold    . . .     Faith    .   c - +0 kite shield
rNeg     + . .     Spirit   .   b - +0 scale mail
rPois    ∞         Reflect  .   (no helmet)
rElec    +         Harm     .   (no cloak)
rCorr    .         Rampage  .   (no gloves)
Will     .....                  (no boots)
Stlth    ..........             (no amulet)
HPRegen  0.09/turn              (no ring)
MPRegen  0.09/turn              (no ring)

@: no status effects
A: sickness immunity, AC +3, negative energy resistance 1, electricity
resistance, torment resistance 1, petrification resistance
a: no special abilities


You were on level 2 of the Dungeon.
You visited 1 branch of the dungeon, and saw 2 of its levels.

You collected 45 gold pieces.

Inventory:

Hand Weapons
 a - a +0 flail (weapon)
Armour
 b - a +0 scale mail (worn)
 c - a +0 kite shield (worn)
Scrolls
 e - a scroll of enchant weapon {unknown}
 g - a scroll of blinking {unknown}
Potions
 d - a potion of might
 h - a potion of magic
 i - a potion of degeneration


   Skills:
 + Level 3.8 Fighting
 + Level 2.7 Maces & Flails
 + Level 3.8 Armour
 + Level 4.2 Shields


You had 3 spell levels left.
You didn't know any spells.
Your spell library was empty.

Dungeon Overview and Level Annotations

Branches:
Dungeon (2/15)

Altars:

Shops:
D:1 [


Innate Abilities, Weirdness & Mutations

You are immune to sickness and miasma.
Your stone body is resilient. (AC +3)
You are immune to poison.
You resist negative energy. (rN+)
You are resistant to electric shocks. (rElec)
You are resistant to unholy torment.
You are immune to petrification.


Message History

The bat barely misses you.
As you read the scroll labelled NUZISE CIEZU, it crumbles to dust.
You hear a loud clanging noise!
It was a scroll of noise.
You hear a shout! x3
The bat hits you but does no damage.
You miss the bat. The bat hits you but does no damage. x2
A gnoll comes into view. It is wielding a +0 halberd.
The gnoll shouts!
You block the bat's attack. The bat hits you but does no damage.
You closely miss the bat. The bat closely misses you.
A gnoll comes into view. It is wielding a +0 halberd.
The bat hits you but does no damage.
You completely miss the bat. The bat closely misses you.
The bat barely misses you. You block the bat's attack.
You closely miss the bat. You block the bat's attack. x2
The gnoll hits you from afar with a +0 halberd.
You miss the bat. The bat hits you but does no damage. x2
The gnoll hits you from afar with a +0 halberd!
A gnoll comes into view. It is wielding a +0 whip.
The gnoll shouts!
You block the bat's attack. You block the gnoll's attack.
You hit the gnoll.
The gnoll is moderately wounded.
You block the bat's attack. The gnoll hits you with a +0 halberd.
The gnoll hits you from afar with a +0 halberd!
* * * LOW HITPOINT WARNING * * *
The gnoll hits you with a +0 halberd.
* * * LOW HITPOINT WARNING * * *
The gnoll closely misses you. The bat hits you but does no damage.
You block the bat's attack. The gnoll hits you with a +0 halberd.
* * * LOW HITPOINT WARNING * * *
You see here a hound corpse.
The bat hits you but does no damage. The gnoll closely misses you.
You block the gnoll's attack. The bat hits you.
* * * LOW HITPOINT WARNING * * *
The gnoll hits you from afar with a +0 halberd.
You die...

##................#
..>###.###.....##.#
#.###.###.###.#...##.#
..........#.#...##.#
#######..##.###.#..###.#
.....gg............# #.#
#######gb##.###.#..# #.#
#####..##.###.#..# #.#
#......@.........# #.#
#####..##.###.##.###.###
#..##.###...........
#................###
#..#########.##### #..#
#.# #### ###


You could see 3 gnolls and a bat.

Vanquished Creatures
  A hound (D:2)
  2 adders (D:2)
  2 dart slugs (D:1)
  A ball python (D:1)
  5 bats
  An endoplasm (D:2)
  A giant cockroach (D:2)
  A goblin (D:1)
  A hobgoblin (D:1)
  2 quokkas (D:1)
  3 frilled lizards
  4 kobolds
  4 rats (D:1)
28 creatures vanquished.

Notes
Turn   | Place    | Note
-------+----------+-------------------------------------------
     0 | D:1      | zeram the Gargoyle Fighter began the quest for the Orb.
     0 | D:1      | Reached XP level 1. HP: 14/14 MP: 1/1
   305 | D:1      | Reached XP level 2. HP: 19/19 MP: 2/2
  1100 | D:1      | Found Kuteesau's Antique Armour Shop.
  1133 | D:1      | Reached XP level 3. HP: 21/23 MP: 3/3
  1439 | D:2      | Reached skill level 4 in Shields
  1846 | D:2      | Reached XP level 4. HP: 26/29 MP: 4/4
  1861 | D:2      | Slain by a gnoll

Illustrated notes

Levels and vault maps discovered:
D:1:      wheals_arrival_linesprint, layout_basic, serial_shops,
          nicolae_shop_crystal
D:2:      layout_basic, ebering_ecumenical_altar_webs, uniq_jessica,
          uniq_terence

Skill      XL: |  1  2  3 |
---------------+----------+-----
Shields        | 4 |  4.2
Fighting       | |  3.8
Maces & Flails | |  2.7
Armour         | |  3.8

Action                   |  1- 3 |  4- 6 || total
-------------------------+-------+-------++-------
Melee: Flail             |   169 |     8 ||   177
  Use: Scroll            |       |     3 ||     3
Armor: Scale mail        |   143 |    11 ||   154
Dodge: Dodged            |    79 |     6 ||    85
Block: Kite shield       |   124 |    12 ||   136
